 Dungeon Crawl Stone Soup version 0.29-a0-294-g83ea962da3 (webtiles) character file.

Game seed: 13369144060236981720

314 sanka the Ducker (level 6, -8/46 (53) HPs)
             Began as a Gnoll Monk on Mar 18, 2022.
             Mangled by a wight
             ... wielding a +4 battleaxe
              (14 damage)
             ... on level 3 of the Dungeon.
             The game lasted 00:05:16 (4430 turns).

sanka the Ducker (Gnoll Monk)                       Turns: 4430, Time: 00:05:17

HP:   -8/46 (53)    AC:  5    Str: 12    XL:     6   Next: 43%
MP:   9/9           EV: 15    Int: 10    God:
Gold: 48            SH:  0    Dex: 14    Spells: 9/9 levels left

rFire   . . .      SeeInvis .   a - +0 hand axe
rCold   + + .      Faith    .   (no shield)
rNeg    . . .      Spirit   .   q - +0 robe
rPois   +          Reflect  .   r - +0 helmet
rElec   .          Harm     .   (no cloak)
rCorr   .          Rampage  .   (no gloves)
Will    .....                   o - +1 pair of boots "Ruta Boa" {rC++}
Stlth   +++.......              (no amulet)
HPRegen 0.15/turn               (no ring)
MPRegen 0.11/turn               g - ring of poison resistance

@: heavily drained
A: fangs 1, strong nose, distributed training
a: no special abilities


You were on level 3 of the Dungeon.
You visited 1 branch of the dungeon, and saw 4 of its levels.

You collected 48 gold pieces.


Innate Abilities, Weirdness & Mutations

You have very sharp teeth.
Your uncanny sense of smell can sniff out nearby items.
Your experience applies equally to all skills.


   Skills:
 + Level 6.8 Fighting
 + Level 2.0 Short Blades
 + Level 2.0 Long Blades
 + Level 6.8 Axes
 + Level 2.0 Maces & Flails
 + Level 2.0 Polearms
 + Level 2.0 Staves
 + Level 2.0 Slings
 + Level 2.0 Bows
 + Level 2.0 Crossbows
 + Level 2.0 Throwing
 + Level 2.0 Armour
 + Level 6.8 Dodging
 + Level 4.6 Stealth
 + Level 2.0 Shields
 + Level 2.0 Unarmed Combat
 + Level 2.0 Spellcasting
 + Level 1.5 Conjurations
 + Level 1.5 Hexes
 + Level 1.5 Summonings
 + Level 1.5 Necromancy
 + Level 1.5 Translocations
 + Level 1.5 Transmutations
 + Level 1.5 Fire Magic
 + Level 1.5 Ice Magic
 + Level 1.5 Air Magic
 + Level 1.5 Earth Magic
 + Level 1.5 Poison Magic
 + Level 2.1 Invocations
 + Level 2.0 Evocations


You had 9 spell levels left.
You didn't know any spells.
Your spell library was empty.

Inventory:

Hand Weapons
 a - a +0 hand axe (weapon)
 b - a +0 hunting sling
 j - a +0 halberd
Armour
 o - the +1 pair of boots "Ruta Boa" (worn) {rC++} rC: It greatly protects you from cold.
 q - a +0 robe (worn)
 r - a +0 helmet (worn)
Jewellery
 g - a ring of poison resistance (right hand)
Scrolls
 f - 2 scrolls of fog
 i - a scroll of teleportation {unknown}
 k - 2 scrolls of brand weapon {unknown}
 l - a scroll of magic mapping
 n - a scroll of noise {unknown}
 s - a scroll of amnesia
 t - a scroll of torment {unknown}
Potions
 c - a potion of ambrosia
 d - a potion of lignification {unknown}
 e - a potion of flight {unknown}
 h - a potion of curing {unknown}
 m - 2 potions of magic {unknown}
 p - a potion of invisibility {unknown}

Dungeon Overview and Level Annotations

Branches:
Dungeon (4/15)
 Temple: D:4-7

Altars:
Gozag
Nemelex Xobeh

Annotations:
D:3 1 runed translucent door, Crazy Yiuf

▒.▒▒........▒ ▒.▒▒.▒......▒
▒.▒▒.▒....▒.▒ ▒▒▒▒▒ ▒▒▒▒▒
▒.▒▒.▒....▒.▒▒▒ ▒...▒ ▒...▒
▒.▒▒.▒▒.....▒.▒
▒▒.▒.▒▒▒▒...▒▒▒▒▒▒▒......[..)...▒
................>▒▒▒▒▒......▒▒▒.▒
..............▒▒z▒▒▒▒▒▒▒▒.......▒
▒▒▒▒▒▒▒▒▒...▒..▒g▒.....▒▒.▒.▒▒▒▒▒
▒...▒▒.▒.▒...▒.▒▒......▒
▒▒...▒▒.▒.▒...▒.▒▒▒▒.▒▒.▒
♣♣▒▒▒....▒▒...▒.▒.▒.▒ ▒.▒▒.▒
♣♣.....▒.......▒...▒.▒ ▒.▒▒.▒
♣♣♣......▒▒▒▒▒▒...▒▒.▒.▒▒▒▒.▒▒.▒
.♣......▒▒........<..........▒.▒
♣.♣....▒▒▒.▒▒▒▒▒..▒...▒▒▒▒▒▒▒▒.▒
♣♣♣♣♣▒▒.....▒ ▒.[.............▒


You could see a wight.


Message History

You feel invigorated. The wight barely misses you.
Unknown command.
The wight attacks as you move away! The wight hits you with a +4 battleaxe!
* * * LOW HITPOINT WARNING * * *
The wight misses you.
You feel less invigorated.
You feel less confused. The wight barely misses you.
The wight barely misses you. The wight barely misses you.
The wight attacks as you move away! The wight hits you with a +4 battleaxe.
* * * LOW HITPOINT WARNING * * *
There is a stone staircase leading up here.
The wight closely misses you.
You climb upwards.
Level annotation: 1 runed translucent door, Crazy Yiuf
There is a stone staircase leading down here.
Unknown command.
Unknown command.
The wight hits you with a +4 battleaxe.
* * * LOW HITPOINT WARNING * * *
You feel drained.
* * * LOW HITPOINT WARNING * * *
You see here a +0 spear.
The wight attacks as you move away! The wight hits you with a +4 battleaxe!
You die...

Action                   |  1- 3 |  4- 6 || total
-------------------------+-------+-------++-------
Melee: Hand axe          |   106 |   159 ||   265
       Punch             |     5 |     3 ||     8
       Bite              |     5 |    12 ||    17
 Fire: Hunting sling     |       |     5 ||     5
  Use: Scroll            |       |     3 ||     3
       Potion            |       |     1 ||     1
 Stab: Sleeping          |    12 |     8 ||    20
Armor: Robe              |    11 |    38 ||    49
Dodge: Dodged            |    58 |   130 ||   188

Levels and vault maps discovered:
D:1:      saegor_arrival_simple_d, layout_rooms, minmay_misc_feat_tower,
          dk_noncrumbling_4, minmay_door_square, amethyst_killhole,
          due_unseen_surprise
D:2:      layout_loops_ring, basic_altar, minmay_quadrilaterals
D:3:      layout_basic, shapermc_ecumenical_altar_gd, serial_park_tiny_1,
          uniq_robin, uniq_crazy_yiuf_cottage
D:4:      layout_loops_ring, kennysheep_mini_moat, minmay_rat_hole

Notes
Turn   | Place    | Note
-------+----------+-------------------------------------------
     0 | D:1      | sanka the Gnoll Monk began the quest for the Orb.
     0 | D:1      | Reached XP level 1. HP: 23/23 MP: 1/1
    51 | D:1      | Reached XP level 2. HP: 20/29 MP: 2/2
   659 | D:1      | Reached XP level 3. HP: 35/35 MP: 3/3
   967 | D:2      | Found an opulent altar of Gozag.
  1012 | D:2      | Reached skill level 1 in Invocations
  1264 | D:2      | Reached skill level 1 in Short Blades
  1264 | D:2      | Reached skill level 1 in Long Blades
  1264 | D:2      | Reached skill level 1 in Maces & Flails
  1264 | D:2      | Reached skill level 1 in Polearms
  1264 | D:2      | Reached skill level 1 in Staves
  1264 | D:2      | Reached skill level 1 in Slings
  1264 | D:2      | Reached skill level 1 in Bows
  1264 | D:2      | Reached skill level 1 in Crossbows
  1264 | D:2      | Reached skill level 1 in Throwing
  1264 | D:2      | Reached skill level 1 in Armour
  1264 | D:2      | Reached skill level 1 in Shields
  1264 | D:2      | Reached skill level 1 in Unarmed Combat
  1264 | D:2      | Reached skill level 1 in Spellcasting
  1264 | D:2      | Reached skill level 1 in Evocations
  1600 | D:2      | Reached XP level 4. HP: 36/41 MP: 5/5
  1737 | D:2      | Identified the +1 pair of boots "Ruta Boa" {rC++}
  2193 | D:3      | Noticed Robin
  2207 | D:2      | Reached skill level 1 in Conjurations
  2207 | D:2      | Reached skill level 1 in Hexes
  2207 | D:2      | Reached skill level 1 in Summonings
  2207 | D:2      | Reached skill level 1 in Necromancy
  2207 | D:2      | Reached skill level 1 in Translocations
  2207 | D:2      | Reached skill level 1 in Transmutations
  2207 | D:2      | Reached skill level 1 in Fire Magic
  2207 | D:2      | Reached skill level 1 in Ice Magic
  2207 | D:2      | Reached skill level 1 in Air Magic
  2207 | D:2      | Reached skill level 1 in Earth Magic
  2207 | D:2      | Reached skill level 1 in Poison Magic
  2223 | D:2      | Reached XP level 5. HP: 8/47 MP: 6/6
  2706 | D:3      | Killed Robin
  2851 | D:3      | Found a faded altar of an unknown god.
  2917 | D:3      | Found a runed translucent door.
  2918 | D:3      | Noticed Crazy Yiuf
  3473 | D:4      | Found a sparkling altar of Nemelex Xobeh.
  3612 | D:4      | Reached skill level 2 in Invocations
  3612 | D:4      | Reached XP level 6. HP: 6/53 MP: 8/8
  3935 | D:4      | HP: 1/46 [wight/+2 battleaxe (4)]
  4290 | D:4      | Reached skill level 2 in Short Blades
  4290 | D:4      | Reached skill level 2 in Long Blades
  4290 | D:4      | Reached skill level 2 in Maces & Flails
  4290 | D:4      | Reached skill level 2 in Polearms
  4290 | D:4      | Reached skill level 2 in Staves
  4290 | D:4      | Reached skill level 2 in Slings
  4290 | D:4      | Reached skill level 2 in Bows
  4290 | D:4      | Reached skill level 2 in Crossbows
  4290 | D:4      | Reached skill level 2 in Throwing
  4290 | D:4      | Reached skill level 2 in Armour
  4290 | D:4      | Reached skill level 2 in Shields
  4290 | D:4      | Reached skill level 2 in Unarmed Combat
  4290 | D:4      | Reached skill level 2 in Spellcasting
  4290 | D:4      | Reached skill level 2 in Evocations
  4419 | D:4      | HP: 3/47 [wight/+4 battleaxe (10)]
  4430 | D:3      | Mangled by a wight

Vanquished Creatures
  2 wights (D:4)
  A hound (D:4)
  A jelly (D:2)
  Robin (D:3)
  3 gnolls
  4 adders (D:2)
  2 dart slugs (D:2)
  5 ball pythons
  5 bats (D:1)
  5 endoplasms
  6 giant cockroaches
  15 goblins
  5 hobgoblins
  7 kobolds
  A quokka (D:3)
  4 frilled lizards
  7 rats
74 creatures vanquished.

Vanquished Creatures (others)
  2 demonic plants (D:3)
  A fungus (D:3)
  4 plants (D:3)
  3 withered plants (D:3)
10 creatures vanquished.

Grand Total: 84 creatures vanquished
